 Dungeon Crawl Stone Soup version 0.17.2-1-ge4368a0 (webtiles) character file.

147 magog001 the Bolt Thrower (level 5, 0/38 HPs)
             Began as a Formicid Hunter on Oct 1, 2016.
             Slain by a gnoll
             ... wielding a +0 club
              (7 damage)
             ... on level 3 of the Dungeon.
             The game lasted 00:18:51 (2429 turns).

magog001 the Bolt Thrower (Formicid Hunter)         Turns: 2429, Time: 00:18:52

Health: 0/38       AC:  5    Str: 18    XL:     5   Next: 54%
Magic:  5/5        EV:  6    Int: 10    God:
Gold:   42         SH:  0    Dex: 11    Spells: 0 memorised, 4 levels left

rFire  + . .     SeeInvis +     v - +0 mace
rCold  x . .     Clarity  .     o - +0 ring mail
rNeg   . . .     SustAt   .     (no shield)
rPois  .         Gourm    .     (helmet unavailable)
rElec  .         Spirit   .     (no cloak)
rCorr  .         Warding  .     (no gloves)
rMut   .         Stasis   +     (no boots)
MR     .....                    (no amulet)
Stlth  +.........               (no ring)
                                y - ring of fire

@: not resistant to hostile enchantments, very unstealthy
A: permanent stasis, dig shafts and tunnels, four strong arms, antennae 3
a: Dig, Shaft Self


You were on level 3 of the Dungeon.
You were not hungry.

You visited 1 branch of the dungeon, and saw 4 of its levels.

You collected 42 gold pieces.

Inventory:

Hand Weapons
 a - a +1 hand crossbow
 t - a +0 club
 v - a +0 mace (weapon)
Missiles
 j - 39 arrows
 n - 15 stones (quivered)
Armour
 m - a +0 ring mail
 o - a +0 ring mail (worn)
Jewellery
 y - a ring of fire (left hand)
Scrolls
 b - a scroll of blinking {unknown}
 f - 3 scrolls of amnesia
 k - a scroll of remove curse
 p - a scroll of fog
Potions
 c - a potion of mutation {unknown}
 g - a potion of haste {unknown}
 h - a potion of heal wounds {unknown}
 l - a potion of curing
 q - 2 potions of flight
 u - 2 potions of poison {unknown}
Comestibles
 d - 7 chunks of flesh
 e - 2 bread rations
 s - a meat ration
 x - a slice of pizza


   Skills:
 + Level 2.2 Fighting
 * Level 5.7 Crossbows
 * Level 0.5 Throwing
 + Level 1.9 Armour
 * Level 2.1 Dodging
 + Level 1.4 Stealth


You had 4 spell levels left.
You didn't know any spells.

Dungeon Overview and Level Annotations

Branches:
Dungeon (4/15)
 Temple: D:4-7

Altars:


Innate Abilities, Weirdness & Mutations

You are under a permanent stasis effect.
You can dig through walls and to a lower floor.
Your four strong arms can wield two-handed weapons with a shield.
You have a pair of large antennae on your head (SInv).


Message History

You throw a stone.
The stone hits the gnoll but does no damage.
The gnoll is moderately wounded.
Throwing (i - inventory):
n - 16 stones (quivered)
Press: ? - help, Shift-Dir - straight line, f/p - gnoll
Aim: a gnoll, wielding a club (moderately wounded)
You throw a stone. The stone hits the gnoll.
The gnoll is heavily wounded.
You barely miss the gnoll.
The gnoll is heavily wounded.
The gnoll closely misses you.
You hit the gnoll.
The gnoll is severely wounded.
The gnoll hits you with a club!
You hit the gnoll but do no damage.
The gnoll is heavily wounded.
The gnoll misses you. The gnoll hits you!
* * * LOW HITPOINT WARNING * * *
The gnoll hits you with a club!
You die...

.....## { ....... ...
....... #.##.# .......
#####.##.###.....
#...#.##..? ...
###...#.#..###.###
#.....#.#..##...(###. #
#..........##@....... #
#.##......((gg.......
####.##.#....(..[.......
..l.....#..#.####.......
...#.##.#.....{........#
...#..o...(.............
...#....#(..............
..........)...###.......
.....##...#...# .......


You could see 2 gnolls.

Vanquished Creatures
  An orc priest (D:3)
  A gnoll (D:3)
  4 adders (D:2)
  An ooze (D:1)
  3 worms (D:2)
  4 giant geckos
  3 orcs
  5 giant cockroaches
  4 goblins
  7 hobgoblins
  6 kobolds
  10 bats
  3 giant newts
  A quokka (D:4)
  3 rats
56 creatures vanquished.

Notes
Turn   | Place    | Note
--------------------------------------------------------------
     0 | D:1      | magog001 the Formicid Hunter began the quest for the Orb.
     0 | D:1      | Reached XP level 1. HP: 16/16 MP: 1/1
   299 | D:1      | Reached XP level 2. HP: 22/22 MP: 2/2
   643 | D:1      | Reached XP level 3. HP: 27/27 MP: 3/3
   693 | D:2      | Reached skill level 1 in Armour
   949 | D:2      | Reached skill level 5 in Crossbows
   949 | D:2      | Reached XP level 4. HP: 19/33 MP: 4/4
  1797 | D:3      | Reached XP level 5. HP: 38/38 MP: 5/5
  2429 | D:3      | Slain by a gnoll

Action                   |  1- 3 |  4- 6 || total
-------------------------+-------+-------++-------
Melee: Club              |     3 |       ||     3
       Mace              |       |    23 ||    23
 Fire: Hand crossbow     |    62 |    43 ||   105
Throw: Tomahawk          |     3 |     8 ||    11
       Stone             |       |     2 ||     2
 Abil: Dig               |     2 |     2 ||     4
  Use: Scroll            |       |     7 ||     7
       Potion            |       |     1 ||     1
  Eat: Chunk             |       |     2 ||     2
       Bread ration      |       |     1 ||     1
